 Dungeon Crawl Stone Soup version 0.31.0-32-g396128a36d (webtiles) character file.

Game seed: 2587135925602075654

211 adelrune the Trooper (level 5, -6/55 HPs)
             Began as an Oni Warper on Apr 3, 2024.
             Killed by divine providence
             ... invoked by an orc priest
              (17 damage)
             ... on level 4 of the Dungeon.
             The game lasted 00:03:37 (2602 turns).

adelrune the Trooper (Oni Warper)                   Turns: 2602, Time: 00:03:38

Health: -6/55      AC:  3    Str: 15    XL:     5   Next: 88%
Magic:  8/8        EV:  9    Int: 16    God:
Gold:   61         SH:  0    Dex:  8    Spells: 3/8 levels left

rFire   . . .        a - +0 mace
rCold   . . .        (no shield)
rNeg    . . .        o - +0 robe
rPois   .            (helmet restricted)
rElec   .            (no cloak)
rCorr   .            (gloves unavailable)
SInv    .            (boots unavailable)
Will    +....        (no amulet)
Stlth   +            j - ring of willpower
HPRegen 0.29/turn    (no ring)
MPRegen 0.11/turn

%: no passive effects
@: no status effects
A: large, unfitting armour, horns 1, tough skin 1, double potion healing,
drunken brawling
a: no special abilities


You were on level 4 of the Dungeon.
You visited 1 branch of the dungeon, and saw 4 of its levels.

You collected 61 gold pieces.

Inventory:

Hand Weapons
 a - a +0 mace (weapon)
 b - a +0 sling
Missiles
 d - 7 darts of dispersal (quivered)
 i - a throwing net
 q - 4 poisoned darts
Armour
 o - a +0 robe (worn)
Jewellery
 j - a ring of willpower (left hand)
Scrolls
 c - a scroll of blinking
 e - a scroll of teleportation {unknown}
 h - a scroll of poison {unknown}
 k - a scroll of identify {unknown}
 l - 2 scrolls of immolation {unknown}
 n - 2 scrolls of acquirement {unknown}
 p - 2 scrolls of revelation {unknown}
 r - a scroll of brand weapon {unknown}
 t - a scroll of enchant weapon {unknown}
Potions
 f - 2 potions of curing {unknown}
 g - a potion of heal wounds {unknown}
 m - a potion of resistance {unknown}
 s - a potion of berserk rage {unknown}


   Skills:
 + Level 4.4 Fighting
 * Level 4.4 Maces & Flails
 - Level 1.0 Throwing
 - Level 2.1 Dodging
 - Level 2.4 Spellcasting
 + Level 3.7 Translocations


You had 3 spell levels left.
You knew the following spells:

 Your Spells              Type           Power      Damage    Failure   Level
a - Blink                 Tloc           26%        N/A       7%          2
b - Teleport Other        Tloc           13%        N/A       13%         3

Your spell library contained the following spells:

 Spells                   Type           Power      Damage    Failure   Level
 Lesser Beckoning         Tloc           26%        N/A       7%          2
 Inner Flame              Hex/Fire       1%         N/A       52%         3
 Manifold Assault         Tloc           13%        N/A       41%         4
 Vhi's Electric Charge    Tloc/Air       14%        N/A       67%         4
 Irradiate                Conj/Alch      0%         3d11      99%         5
 Ignition                 Fire           0%         3d3       100%        8


Dungeon Overview and Level Annotations

Branches:
Dungeon (4/15)
 Temple: D:4-7

Altars:
Kikubaaqudgha

Shops:
D:1 [


Innate Abilities, Weirdness & Mutations

You are too large for most types of armour.
You have a pair of small horns on your head.
You have tough skin. (AC +1)
You gain doubled healing and magic from potions.
Whenever you drink a healing potion, you attack all around you.


Message History

You hit the hound. Your punch misses the hound.
The hound is moderately wounded.
The hound completely misses you.
You barely miss the hound.
The hound is moderately wounded.
The hound bites you. x2
You hit the hound. You headbutt the hound.
The hound is almost dead.
The hound bites you. The hound bites you but does no damage.
You barely miss the hound.
The hound is almost dead.
The hound bites you but does no damage.
You closely miss the hound.
The hound is almost dead.
The hound pauses to sniff the ground.
The hound bites you. x2
You closely miss the hound. Your headbutt misses the hound.
The hound is almost dead.
The hound bites you but does no damage.
An orc priest comes into view. It is wielding a +0 falchion.
The hound bites you but does no damage.
An orc comes into view. It is wielding a +0 dagger.
The orc priest mumbles some strange prayers to Beogh against you.
Beogh smites you!
A shadow imp comes into view.
You hear a shout!
Unknown command.
The shadow imp shouts, "Decamp, thou bumbling toad-spotted codpiece!"
You hear a shout!
The hound attacks as it pursues you! The hound bites you but does no damage.
You completely miss the shadow imp. The hound bites you.
* * * LOW HITPOINT WARNING * * *
The hound bites you.
* * * LOW HITPOINT WARNING * * *
The shadow imp gestures at you. Pain shoots through your body!
* * * LOW HITPOINT WARNING * * *
The orc priest invokes the aid of Beogh against you.
Beogh smites you!
You die...

... . #### ...#.## ##..#
..#..# #...## .#..#
###....##### ##....#
.##........###.....##
.###............#...###.#
.####...###....##........
.#.#........##.#@ho..o...
............##.5###.#....
...#..###..###...# # #
...#..##...# ##..#
#..........# #.##
...#..##.... ...
##.#...#...## ....
###......... ##.# #
#..### .#. .#


You could see a hound, an orc priest, a shadow imp and an orc.

Vanquished Creatures
  A water moccasin (D:4)
  An orc wizard (D:3)
  3 adders (D:3)
  2 ribbon worms
  4 orcs (D:3)
  6 ball pythons
  4 endoplasms
  2 giant cockroaches
  6 hobgoblins
  2 jackals (D:3)
  4 kobolds
  2 quokkas
  A bat (D:3)
  4 frilled lizards
  6 goblins
  5 rats
53 creatures vanquished.

Notes
Turn   | Place    | Note
-------+----------+-------------------------------------------
     0 | D:1      | adelrune the Oni Warper began the quest for the Orb.
     0 | D:1      | Reached XP level 1. HP: 22/22 MP: 3/3
    90 | D:1      | Reached XP level 2. HP: 27/29 MP: 5/5
   103 | D:1      | Found Jomn's Armour Emporium.
   751 | D:2      | Reached XP level 3. HP: 31/37 MP: 6/6
   754 | D:2      | Learned a level 2 spell: Blink
   758 | D:2      | Learned a level 3 spell: Teleport Other
   791 | D:2      | Found an ancient bone altar of Kikubaaqudgha.
  1697 | D:3      | Reached XP level 4. HP: 36/46 MP: 7/7
  2528 | D:4      | Noticed a water moccasin
  2540 | D:4      | Killed a water moccasin
  2541 | D:4      | Reached XP level 5. HP: 21/55 MP: 8/8
  2602 | D:4      | Killed from afar by an orc priest

Illustrated notes

Levels and vault maps discovered:
D:1:      enne_arrival_octagon_isle, layout_basic, serial_shops,
          nicolae_shop_window_shopping
D:2:      layout_rooms, basic_altar
D:3:      layout_basic
D:4:      layout_cave_pools

Skill      XL: |  1  2  3  4 |
---------------+-------------+-----
Fighting       | 3 4 |  4.4
Translocations | 3 |  3.7
Maces & Flails | 3 4 |  4.4
Throwing       | |  1.0
Dodging        | |  2.1
Spellcasting   | |  2.4

Action                     |  1- 3 |  4- 6 || total
---------------------------+-------+-------++-------
  Melee: Mace              |    89 |    42 ||   131
         Headbutt          |    15 |     5 ||    20
         Punch             |     2 |       ||     2
   Fire: Sling             |    24 |    17 ||    41
    Use: Potion            |       |     2 ||     2
 Armour: Robe              |    55 |    50 ||   105
  Dodge: Dodged            |    51 |    18 ||    69
